 Dungeon Crawl Stone Soup version 0.20.1-1-g8b1a95d (webtiles) character file.

69 Ymberti the Firebug (level 4, -1/24 HPs)
             Began as a Deep Elf Fire Elementalist on Oct 15, 2017.
             Was an Initiate of Sif Muna.
             Slain by an orc
             ... wielding a cursed -1 flail
              (2 damage)
             ... on level 2 of the Dungeon.
             The game lasted 00:04:13 (1878 turns).

Ymberti the Firebug (Deep Elf Fire Elementalist)    Turns: 1878, Time: 00:04:13

Health: -1/24      AC:  2    Str:  5    XL:     4   Next: 2%
Magic:  5/11       EV: 13    Int: 21    God:    Sif Muna [......]
Gold:   108        SH:  0    Dex: 15    Spells: 9/10 levels left

rFire    . . .     SeeInvis .   h - +0 spear (curse)
rCold    . . .     Gourm    .   (no shield)
rNeg     . . .     Faith    .   a - +0 robe
rPois    .         Spirit   .   (no helmet)
rElec    .         Reflect  .   (no cloak)
rCorr    .         Harm     .   (no gloves)
MR       .....                  (no boots)
Stlth    ++........             (no amulet)
Regen    0.1/turn               (no ring)
MPRegen  0.2/turn               (no ring)

@: no status effects
A: no striking features
a: Renounce Religion


You were on level 2 of the Dungeon.
You worshipped Sif Muna.
Sif Muna was noncommittal.
You were not hungry.

You visited 1 branch of the dungeon, and saw 3 of its levels.

You collected 108 gold pieces.

Inventory:

Hand Weapons
 h - a cursed +0 spear (weapon)
Armour
 a - a +0 robe (worn)
Scrolls
 d - a scroll of amnesia {unknown}
 e - 3 scrolls of identify {unknown}
 i - a scroll of fog {unknown}
Potions
 c - a potion of heal wounds {unknown}
 f - a potion of degeneration {unknown}
 g - a potion of curing {unknown}
 j - a potion of agility {unknown}
 k - a potion of cancellation {unknown}
Books
 b - a book of Flames

   Spells                             Type                      Level
   a - Flame Tongue                   Conjuration/Fire             1
   b - Throw Flame                    Conjuration/Fire             2
   c - Conjure Flame                  Conjuration/Fire             3
   d - Inner Flame                    Hexes/Fire                   3
   e - Sticky Flame                   Conjuration/Fire             4
   f - Fireball                       Conjuration/Fire             5
Comestibles
 l - a bread ration


   Skills:
 + Level 2.7 Dodging
 + Level 2.8 Stealth
 + Level 3.5 Spellcasting
 + Level 2.2 Conjurations
 + Level 4.3 Fire Magic


You had 9 spell levels left.
You knew the following spells:

 Your Spells              Type           Power        Failure   Level  Hunger
a - Flame Tongue          Conj/Fire      ###..        3%          1    None


Dungeon Overview and Level Annotations

Branches:
Dungeon (3/15)

Altars:
Kikubaaqudgha
Sif Muna
Uskayaw


Message History

Aim: an orc, wielding a mace The flame tongue hits the orc.
You kill the orc!
Sif Muna accepts your kill.
You have reached level 4!
You feel clever. The orc misses you.
The ball python bites you but does no damage.
The ball python barely misses you.
Casting: Flame Tongue
Confirm with . or Enter, or press ? or * to list all spells.
Aiming: Flame Tongue
Press: ? - help, Shift-Dir - straight line, f - ball python
Aim: a ball python The flame tongue hits the ball python.
The ball python is severely wounded.
The ball python bites you.
* * * LOW HITPOINT WARNING * * *
The ball python barely misses you. The orc hits you with a flail.
You die...

#...#########.#
#.#...........#
#...############ ##
##.## ####.###8 #.#
#⌠.#.#.#. #.#
##....... #.#
#8....... #)#
#..#.#.#.
####@###########_####
#...oS......###### ##
#.##.######.##.# #.
#.##.# #.##.#####.
#.##.# #.......##.
#.##.######.##.##.##.
#.##......#.##.##.##.
#.######.)<........#.
#.######..#.##.##..#.


You could see an orc and a ball python.

Vanquished Creatures
  An adder (D:2)
  An ooze (D:1)
  3 dart slugs
  A leopard gecko (D:2)
  2 orcs
  2 ball pythons
  2 giant cockroaches
  5 hobgoblins
  A quokka (D:2)
  5 bats
  6 frilled lizards
  7 goblins
  3 kobolds
  7 rats
46 creatures vanquished.

Notes
Turn   | Place    | Note
-------+----------+-------------------------------------------
     0 | D:1      | Ymberti the Deep Elf Fire Elementalist began the quest for the Orb.
     0 | D:1      | Reached XP level 1. HP: 10/10 MP: 6/6
   399 | D:1      | Reached XP level 2. HP: 15/15 MP: 6/8
   794 | D:1      | Reached skill level 4 in Fire Magic
   809 | D:1      | Reached XP level 3. HP: 18/19 MP: 3/9
  1277 | D:2      | Found an ancient bone altar of Kikubaaqudgha.
  1443 | D:2      | Found a deep blue altar of Sif Muna.
  1452 | D:2      | Found a hide-covered altar of Uskayaw.
  1459 | D:2      | Became a worshipper of Sif Muna the Loreminder
  1877 | D:2      | Reached XP level 4. HP: 2/24 MP: 6/11
  1878 | D:2      | HP: 1/24 [ball python (1)]
  1878 | D:2      | Slain by an orc

Skill      XL: |  1  2  3 |
---------------+----------+-----
Fire Magic     | 4 |  4.3
Conjurations   | 2 |  2.2
Dodging        | |  2.7
Stealth        | |  2.8
Spellcasting   | |  3.5

Action                   |  1- 3 |  4- 6 || total
-------------------------+-------+-------++-------
Melee: Unarmed           |    15 |       ||    15
       Spear             |    34 |       ||    34
 Cast: Flame Tongue      |    80 |     2 ||    82
  Eat: Bread ration      |     1 |       ||     1
Armor: Robe              |    16 |     1 ||    17
Dodge: Dodged            |    71 |     3 ||    74
